 Dungeon Crawl Stone Soup version 0.30-a0-800-g7c544603b3 (webtiles) character file.

Game seed: 12618396224613269415

723 Darius099 the Cleaver (level 7, -1/58 HPs)
             Began as a Minotaur Fighter on Feb 22, 2023.
             Was a Follower of Okawaru.
             Slain by a gnoll sergeant
             ... wielding a +0 trident
              (7 damage)
             ... on level 6 of the Dungeon.
             The game lasted 00:10:08 (4042 turns).

Darius099 the Cleaver (Minotaur Fighter)            Turns: 4042, Time: 00:10:09

Health: -1/58      AC:  8    Str: 29    XL:     7   Next: 43%
Magic:  6/6        EV:  9    Int:  5    God:    Okawaru [*.....]
Gold:   326        SH: 13    Dex:  9    Spells: 6/6 levels left

rFire   + . .      SeeInvis .    a - +0 war axe
rCold   . . .      Faith    .    k - +0 kite shield
rNeg    + . .      Spirit   .    s - +1 ring mail of the True Pharaoh {rN+ Str+6}
rPois   .          Reflect  +    (helmet restricted)
rElec   .          Harm     .    t - +0 cloak
rCorr   .          Rampage  .    (no gloves)
Will    .....                    (no boots) Stlth
                                 A - amulet of reflection
HPRegen 0.29/turn                u - ring of protection from fire
MPRegen 0.10/turn                (no ring)

@: no status effects
A: horns 2, retaliatory headbutt
a: Renounce Religion, Heroism


You were on level 6 of the Dungeon.
You worshipped Okawaru.
Okawaru was aware of your devotion.
You visited 2 branches of the dungeon, and saw 7 of its levels.

You collected 326 gold pieces.

Inventory:

Hand Weapons
 a - a +0 war axe (weapon)
Missiles
 i - 6 boomerangs (quivered)
 p - 25 stones
 C - 2 throwing nets
Armour
 k - a +0 kite shield (worn)
 s - the +1 ring mail of the True Pharaoh (worn) {rN+ Str+6}
   (You found it on level 3 of the Dungeon)

   Str:       It affects your strength (+6).
   rN:        It protects you from negative energy.
 t - a +0 cloak (worn)
Jewellery
 u - a ring of protection from fire (left hand)
 A - an amulet of reflection (around neck)
 B - a ring of ice
Scrolls
 b - 5 scrolls of teleportation {unknown}
 c - a scroll of poison {unknown}
 g - a scroll of enchant armour {unknown}
 h - 7 scrolls of identify {unknown}
 j - 3 scrolls of fear {unknown}
 l - 2 scrolls of immolation {unknown}
 o - a scroll of noise {unknown}
 r - a scroll of blinking {unknown}
 v - a scroll of enchant weapon {unknown}
 w - a scroll of vulnerability {unknown}
 y - a scroll of amnesia {unknown}
Potions
 d - 2 potions of might
 e - a potion of attraction {unknown}
 f - 3 potions of lignification {unknown}
 m - 2 potions of curing {unknown}
 n - a potion of berserk rage {unknown}
 q - a potion of invisibility {unknown}
 x - a potion of flight {unknown}
 z - 2 potions of degeneration {unknown}


   Skills:
 - Level 3.7 Fighting
 + Level 10.0 Axes
 - Level 3.7 Armour
 - Level 3.7 Shields


You had 6 spell levels left.
You didn't know any spells.
Your spell library contained the following spells:

 Spells                   Type           Power      Damage    Failure   Level
 Cigotuvi's Dreadful Rot  Necr/Pois/Air  0%         N/A       98%         2
 Ensorcelled Hibernation  Hex/Ice        0%         N/A       98%         2
 Lesser Beckoning         Tloc           0%         N/A       98%         2
 Poisonous Vapours        Pois/Air       0%         N/A       98%         2
 Gell's Gravitas          Tloc           0%         N/A       100%        3
 Mephitic Cloud           Conj/Pois/Air  0%         N/A       100%        3
 Spider Form              Tmut/Pois      0%         N/A       100%        3
 Teleport Other           Tloc           0%         N/A       100%        3
 Anguish                  Hex/Necr       0%         N/A       100%        4
 Metabolic Englaciation   Hex/Ice        0%         N/A       100%        5
 Polar Vortex             Ice            0%         N/A       100%        9
 Simulacrum               Ice/Necr       Unusable   N/A       N/A         6

Dungeon Overview and Level Annotations

Branches:
Dungeon (6/15)             Temple (1/1) D:4

Altars:
Dithmenos
Fedhas
Gozag
Hepliaklqana
Kikubaaqudgha
Makhleb
Nemelex Xobeh
Okawaru
Qazlal
Trog
Uskayaw
Vehumet
Wu Jian
Xom
Yredelemnul
Zin


Innate Abilities, Weirdness & Mutations

You have a pair of horns on your head.
You reflexively headbutt those who attack you in melee.


Message History

You kill the gnoll!
Okawaru accepts your kill.
Your Axes skill increases to level 10!
You hit the gnoll sergeant.
The gnoll sergeant is lightly wounded.
You barely miss the phantom. You hit the gnoll. You slash the gnoll!
The gnoll hits you but does no damage. You block the gnoll's attack.
The gnoll sergeant hits you with a +0 trident.
* * * LOW HITPOINT WARNING * * *
You block the phantom's attack.
You barely miss the gnoll sergeant.
The gnoll sergeant is lightly wounded.
You barely miss the phantom. You hit the gnoll.
You kill the gnoll!
Okawaru accepts your kill.
You barely miss the gnoll. The phantom hits you.
* * * LOW HITPOINT WARNING * * *
The gnoll closely misses you. You block the gnoll sergeant's attack.
You barely miss the gnoll sergeant.
The gnoll sergeant is lightly wounded.
You hit the phantom. You hit the gnoll. The phantom hits you.
* * * LOW HITPOINT WARNING * * *
The phantom blinks!
You blink.
The phantom attacks as you move away! You block the phantom's attack.
The gnoll sergeant hits you with a +0 trident.
* * * LOW HITPOINT WARNING * * *
You closely miss the gnoll sergeant. You hit the gnoll.
You kill the gnoll!
Okawaru accepts your kill.
You closely miss the phantom. You block the phantom's attack.
You block the gnoll sergeant's attack.
You barely miss the gnoll sergeant. You miss the phantom.
The phantom closely misses you. You block the gnoll sergeant's attack.
You slash the gnoll sergeant!
Your headbutt misses the gnoll sergeant.
The gnoll sergeant is heavily wounded.
You hit the phantom but do no damage. You block the phantom's attack.
The gnoll sergeant barely misses you.
The gnoll sergeant hits you with a +0 trident!
You die...

##### #.≈≈≈≈
....... ....
#.......# ..#
#.......####.##
#.............#
#.............#
..........)).#
##..........#
#....@g..$.#
#...W.)....######.
#...$....$........
#..........######.
##########........
#.#########
#.#...<...### ###
#§#.###......
.....#.#.#........


You could see a phantom and a gnoll sergeant.

Vanquished Creatures
  A sky beast (D:6)
  A centaur (D:5)
  An ogre (D:5)
  A gnoll sergeant (D:5)
  A necrophage (D:5)
  2 hounds
  2 orc priests
  An orc wizard (D:3)
  3 adders
  7 gnolls
  A white imp (D:5)
  An ufetubus (D:5)
  A worm (D:2)
  2 dart slugs (D:2)
  6 orcs
  3 bats
  9 endoplasms
  4 giant cockroaches
  7 goblins
  4 hobgoblins
  11 jackals
  3 quokkas (D:3)
  11 ball pythons
  3 frilled lizards
  6 kobolds
  4 rats
96 creatures vanquished.

Vanquished Creatures (others)
  A wizard (D:3)
1 creature vanquished.

Grand Total: 97 creatures vanquished

Notes
Turn   | Place    | Note
-------+----------+-------------------------------------------
     0 | D:1      | Darius099 the Minotaur Fighter began the quest for the Orb.
     0 | D:1      | Reached XP level 1. HP: 19/19 MP: 0/0
   179 | D:1      | Reached skill level 3 in Axes
   179 | D:1      | Reached XP level 2. HP: 24/27 MP: 1/1
   284 | D:1      | Found a faded altar of an unknown god.
   774 | D:2      | Got Sif Muna's Directory of Chilling Necromantic Rituals
   856 | D:2      | Reached skill level 4 in Axes
   858 | D:2      | Reached XP level 3. HP: 33/33 MP: 2/2
  1660 | D:3      | Reached skill level 5 in Axes
  1660 | D:3      | Reached XP level 4. HP: 37/40 MP: 3/3
  1802 | D:3      | Reached skill level 6 in Axes
  2074 | D:3      | Identified the +1 ring mail of the True Pharaoh {rN+ Str+6}
  2144 | D:3      | Found a bloodstained altar of Trog.
  2145 | D:3      | Noticed a wizard
  2150 | D:3      | Killed a wizard
  2442 | D:4      | Found a staircase to the Ecumenical Temple.
  2449 | Temple   | Entered the Ecumenical Temple
  2621 | Temple   | Became a worshipper of Warmaster Okawaru
  2637 | D:4      | Reached XP level 5. HP: 46/46 MP: 4/4
  3106 | D:5      | Entered Level 5 of the Dungeon
  3110 | D:5      | Noticed a centaur
  3112 | D:5      | Noticed an ogre
  3122 | D:5      | Killed a centaur
  3123 | D:5      | Reached skill level 7 in Axes
  3123 | D:5      | Reached XP level 6. HP: 26/52 MP: 5/5
  3125 | D:5      | Reached skill level 8 in Axes
  3395 | D:5      | Reached * piety under Okawaru
  3396 | D:5      | Reached skill level 9 in Axes
  3396 | D:5      | Reached XP level 7. HP: 18/58 MP: 6/6
  4036 | D:6      | Reached skill level 10 in Axes
  4042 | D:6      | Slain by a gnoll sergeant

Illustrated notes

Levels and vault maps discovered:
D:1:      psy_arrival_whirlpool, layout_basic,
          shapermc_ecumenical_altar_totnotflames
D:2:      layout_loops_corners
D:3:      layout_loops_ring, trog_wizard
D:4:      layout_rooms, minmay_temple_entry_grid
D:5:      layout_cave_pools
D:6:      layout_basic, nicolae_sif_muna_condensation, general_overflow_altar,
          uniq_menkaure
Temple:   nicolae_temple_bog_church

Skill      XL: |  1  2  3  4  5  6  7 |
---------------+----------------------+-----
Axes           | 3 4 5 6 7 9 10 | 10.0
Fighting       | |  3.7
Armour         | |  3.7
Shields        | |  3.7

Action                     |  1- 3 |  4- 6 |  7- 9 || total
---------------------------+-------+-------+-------++-------
  Melee: War axe           |    70 |    80 |    57 ||   207
         Headbutt          |     9 |    12 |     5 ||    26
 Armour: Scale mail        |    31 |     7 |       ||    38
         Ring mail         |       |    19 |    21 ||    40
  Dodge: Dodged            |    43 |    34 |    26 ||   103
  Block: Buckler           |    14 |       |       ||    14
         Kite shield       |     3 |    47 |    41 ||    91

Table legend: (Time is in decaauts)
 A = Elapsed time spent in this place.
 B = Non-inter-level travel time spent in this place.
 C = Inter-level travel time spent in this place.
 D = Time resting spent in this place.
 E = Time spent auto-exploring this place.
 F = Levels seen in this place.
 G = Mean time per level.
                   A        B        C        D        E       F      G
               +--------+--------+--------+--------+--------+-----+--------+
         Total |   4116 |   3941 |    175 |    293 |   2500 |   7 |  588.0 |
       Dungeon |   3924 |   3775 |    149 |    293 |   2354 |   6 |  654.0 |
        Temple |    192 |    166 |     26 |      0 |    145 |   1 |  192.0 |
               +--------+--------+--------+--------+--------+-----+--------+

Top non-repeatable levels by time:
     D:2: 847 daAuts
     D:5: 832 daAuts
     D:1: 783 daAuts
     D:3: 774 daAuts
     D:4: 563 daAuts
  Temple: 192 daAuts
     D:6: 121 daAuts
